Map: Dusk Towers

Players

Aleron - Winner!

  • Race: Terran Terran
  • League: Diamond

A.I. 1 (Very Easy)

  • Race: Protoss Protoss

VOD

Have the link to the VOD?

Description

Example benchmarks for old WoL build

Time

  • Played on: Dec. 17, 2015, 6:58 p.m.
  • Length: 10:32
Show
View Real Time Build Order
Export as new Build Order

Aleron Terran - Winner!

Build Orders: MMM Bio 

Get SALT Encoding   

  12  0:01  SCV  
  13  0:13  SCV  
  14  0:17  Supply Depot  
  14  0:25  SCV  
  15  0:39  SCV, Barracks  
  16  0:51  SCV  
  17  1:03  SCV  
  18  1:15  SCV  
  19  1:19  Command Center  
  19  1:29  Orbital Command  
  19  1:32  Marine  
  20  1:42  Supply Depot  
  20  1:50  Marine  
  21  1:55  SCV, Bunker  
  22  2:07  SCV  
  22  2:08  Marine  
  23  2:13  Barracks  
  23  2:14  Barracks  
  24  2:19  SCV  
  25  2:26  Marine  
  25  2:29  Refinery  
  26  2:31  SCV, Refinery  
  27  2:41  Orbital Command  
  27  2:44  SCV, Marine  
  29  2:56  SCV  
  30  3:01  Marine x2  
  30  3:02  Marine  
  33  3:10  SCV x2  
  35  3:14  Supply Depot  
  35  3:19  Barracks Reactor x2  
  35  3:21  Barracks Tech Lab  
  35  3:22  SCV x2  
  38  3:34  SCV x2  
  38  3:39  Factory  
  39  3:43  Marine  
  39  3:46  SCV x2, Supply Depot  
  42  3:56  Marine x4  
  42  3:58  SCV x2  
  42  3:59  Stimpack  
  42  4:01  Marine  
  49  4:04  Refinery  
  49  4:07  Engineering Bay  
  49  4:10  SCV x2  
  49  4:11  Supply Depot  
  49  4:15  Marine  
  49  4:16  Marine x2  
  54  4:17  Marine  
  54  4:19  Marine  
  54  4:22  SCV x2  
  58  4:24  Starport  
  58  4:25  Factory Reactor  
  58  4:34  SCV x2  
  58  4:35  Supply Depot  
  60  4:40  Terran Infantry Weapons Level 1, Marine  
  60  4:41  Marine  
  60  4:43  Marine  
  60  4:44  Marine  
  64  4:46  SCV  
  64  4:47  SCV  
  64  4:48  Marauder  
  68  4:58  SCV  
  68  4:59  SCV  
  70  5:01  Supply Depot  
  70  5:05  Supply Depot  
  70  5:10  Factory Reactor, Marine x4  
  70  5:11  SCV x2, Marauder  
  78  5:22  Medivac x2  
  78  5:23  SCV x2  
  78  5:25  Supply Depot  
  78  5:27  Supply Depot  
  84  5:35  SCV x2  
  86  5:42  Marine x4  
  91  5:44  Marauder  
  91  5:47  SCV x2  
  91  5:48  Supply Depot  
  94  5:52  Supply Depot  
  94  5:59  SCV x2, Marine  
  94  6:00  Marine x3  
  94  6:01  Medivac x2  
  104  6:05  Marauder  
  104  6:08  Barracks  
  104  6:09  Barracks  
  106  6:11  SCV x2  
  106  6:14  Combat Shields  
  106  6:17  Supply Depot x2  
  108  6:23  Marine x4  
  112  6:26  Marauder  
  112  6:31  Command Center  
  114  6:34  SCV x2  
  114  6:37  Armory  
  116  6:41  Engineering Bay  
  116  6:42  Terran Infantry Armor Level 1  
  116  6:49  SCV x2  
  118  6:56  Supply Depot x2, Marine x3  
  118  6:57  Marine  
  118  6:59  Marauder  
  118  7:00  Barracks Reactor  
  124  7:03  Barracks Tech Lab  
  124  7:08  Medivac x2  
  128  7:10  SCV x2  
  130  7:16  Marine x4  
  130  7:20  Marauder  
  130  7:22  SCV x2  
  138  7:27  Terran Infantry Weapons Level 2  
  138  7:34  SCV x2  
  138  7:35  Marine x4  
  138  7:36  Marine x2  
  146  7:44  Orbital Command  
  148  7:46  Refinery  
  148  7:47  Marine  
  148  7:48  Refinery  
  148  7:49  Marauder  
  148  7:50  Medivac  
  151  7:53  SCV  
  151  7:54  SCV  
  151  7:57  Supply Depot, Marine x4  
  157  7:59  Supply Depot, Concussive Shells  
  157  8:03  Marine x2  
  157  8:05  Medivac  
  161  8:17  Marine x4  
  161  8:19  Marauder x2  
  169  8:25  Barracks  
  169  8:26  Barracks  
  169  8:27  Barracks  
  169  8:28  Barracks  
  169  8:31  Marine x2  
  171  8:34  Medivac  
  171  8:35  Marine x4  
  171  8:40  Starport, Marauder x2  
  181  8:47  Supply Depot x2  
  181  8:50  Marine x2  
  181  8:52  Marine  
  181  8:53  Marine x3  
  187  9:01  Marine  
  188  9:06  Command Center  
  188  9:07  Refinery  
  188  9:13  Marine x6  
  188  9:16  Barracks Reactor x2, Barracks Tech Lab  
  195  9:19  Barracks Tech Lab  
  194  9:26  Marauder x2  
  194  9:27  Medivac  
Show
View Real Time Build Order
Export as new Build Order

A.I. 1 (Very Easy) Protoss 

Build Orders:  

Get SALT Encoding   

  12  0:01  Probe (Chrono Boost)  
  13  0:11  Probe (Chrono Boost)  
  14  0:20  Pylon  
  14  0:36  Assimilator  
  14  0:42  Gateway  
  14  0:46  Pylon  
  14  1:14  Assimilator  
  14  1:27  Probe (Chrono Boost), Zealot  
  14  1:30  Cybernetics Core  
  17  1:38  Probe (Chrono Boost)  
  18  1:49  Probe (Chrono Boost)  
  19  1:55  Warp Gate  
  19  2:00  Probe (Chrono Boost)  
  20  2:11  Probe (Chrono Boost)  
  22  2:22  Probe (Chrono Boost)  
  22  2:35  Stalker  
  24  7:00  Probe (Chrono Boost)  
  25  7:02  Adept, Pylon  
  25  7:05  Robotics Facility  
  25  7:08  Nexus  
  27  7:11  Probe (Chrono Boost)  
  29  7:22  Probe (Chrono Boost)  
  29  7:33  Probe (Chrono Boost)  
  28  7:37  Pylon  
  28  7:44  Probe (Chrono Boost)  
  27  7:51  Observer  
  28  8:00  Stalker  
  30  8:12  Observer  
  31  8:22  Probe (Chrono Boost)  
  32  8:27  Assimilator  
  32  8:28  Probe (Chrono Boost)  
  32  8:32  Assimilator  
  33  8:35  Probe (Chrono Boost)  
  34  8:42  Probe (Chrono Boost)  
  35  8:49  Probe (Chrono Boost)  
  36  8:57  Probe (Chrono Boost)  
  36  8:58  Zealot  
  39  9:04  Probe (Chrono Boost)  
  40  9:11  Probe (Chrono Boost)  
  41  9:18  Probe (Chrono Boost)  
  42  9:25  Probe (Chrono Boost)  
  43  9:32  Probe (Chrono Boost)  
  44  9:39  Probe (Chrono Boost)  
  45  9:46  Probe (Chrono Boost)  
  42  9:55  Probe (Chrono Boost), Adept  
  43  10:01  Probe (Chrono Boost)  
Tags
 
Composition
MMM Bio
League
Diamond
Matchup
PvT
Add a new tag
Caveats
  • Supply blocks, unpowered buildings, or Contaminate may cause inaccurate times.
  • Supply counts are checked every 10 seconds.